 Dungeon Crawl Stone Soup version 0.31-a0-986-g5e6e4ef867 (webtiles) character file.

Game seed: 6259906540896348855

28 porpoise the Vexing (level 2, -3/19 HPs)
             Began as a Demonspawn Enchanter on Nov 14, 2023.
             Slain by a gnoll
             ... wielding a +0 spear
              (4 damage)
             ... on level 2 of the Dungeon.
             The game lasted 00:05:10 (869 turns).

porpoise the Vexing (Demonspawn Enchanter)           Turns: 869, Time: 00:05:11

Health: -3/19      AC:  2    Str:  8    XL:     2   Next: 96%
Magic:  1/5        EV: 11    Int: 16    God:
Gold:   62         SH:  4    Dex: 13    Spells: 3/5 levels left

rFire   . . .        a - +1 dagger
rCold   . . .        h - +0 buckler
rNeg    . . .        b - +0 robe
rPois   .            (helmet restricted)
rElec   .            (no cloak)
rCorr   .            (no gloves)
SInv    .            (no boots)
Will    .....        (no amulet)
Stlth   ++           (no ring)
HPRegen 0.23/turn    (no ring)
MPRegen 0.09/turn

%: no passive effects
@: no status effects
A: horns 1
a: no special abilities


You were on level 2 of the Dungeon.
You visited 1 branch of the dungeon, and saw 2 of its levels.

You collected 62 gold pieces.

Inventory:

Hand Weapons
 a - a +1 dagger (weapon)
Missiles
 g - 3 javelins
 k - 5 boomerangs
Armour
 b - a +0 robe (worn)
 h - a +0 buckler (worn)
Scrolls
 e - a scroll of revelation {unknown}
 f - a scroll of teleportation {unknown}
 l - a scroll of fear {unknown}
Potions
 c - 2 potions of invisibility
 d - a potion of curing {unknown}
 i - a potion of mutation {unknown}
 j - 2 potions of attraction {unknown}


   Skills:
 * Level 1.5 Short Blades
 - Level 1.7 Dodging
 + Level 2.9 Stealth
 - Level 2.2 Spellcasting
 * Level 3.3 Hexes
 * Level 0.5 Ice Magic


You had 3 spell levels left.
You knew the following spells:

 Your Spells              Type           Power      Damage    Failure   Level
e - Ensorcelled Hibernat  Hex/Ice        16%        N/A       22%         2

Your spell library contained the following spells:

 Spells                   Type           Power      Damage    Failure   Level
 Freeze                   Ice            12%        1d3       26%         1
 Confusing Touch          Hex            12%        N/A       26%         3
 Tukima's Dance           Hex            12%        N/A       26%         3
 Dazzling Flash           Conj/Hex       14%        N/A       45%         3
 Frozen Ramparts          Ice            6%         1d1       61%         3
 Hailstorm                Conj/Ice       2%         3d3       65%         3
 Summon Ice Beast         Ice/Summ       2%         N/A       96%         4
 Simulacrum               Ice/Necr       1%         N/A       100%        6


Dungeon Overview and Level Annotations

Branches:
Dungeon (2/15)

Altars:

Shops:
D:1 =

Annotations:
D:2 Natasha


Innate Abilities, Weirdness & Mutations

You have a pair of small horns on your head.


Message History

The frilled lizard bites you.
You closely miss the frilled lizard.
Your headbutt misses the frilled lizard.
The frilled lizard is heavily wounded.
You block the frilled lizard's attack.
You hit the frilled lizard.
You kill the frilled lizard!
No target in view!
HP restored.
A gnoll comes into view. It is wielding a +0 spear.
The gnoll shouts!
You hear an angry hiss.
Natasha and a gnoll come into view.
Casting: Ensorcelled Hibernation (safe; 22% risk of failure)
Confirm with . or Enter, or press ? or * to list all spells.
Aiming: Ensorcelled Hibernation (safe; 22% risk of failure)
Press: ? - help, Shift-Dir - straight line, f - gnoll
Aim: a gnoll, wielding a +0 spear (chance to affect: 50%)
The gnoll resists with some effort.
The gnoll hits you from afar with a +0 spear!
Casting: Ensorcelled Hibernation (safe; 22% risk of failure)
Confirm with . or Enter, or press ? or * to list all spells.
Aiming: Ensorcelled Hibernation (safe; 22% risk of failure)
Press: ? - help, Shift-Dir - straight line, f/p - gnoll
Aim: a gnoll, wielding a +0 spear (chance to affect: 50%)
The gnoll resists with some effort.
You block the gnoll's attack.
Casting: Ensorcelled Hibernation (safe; 22% risk of failure)
Confirm with . or Enter, or press ? or * to list all spells.
You don't have enough magic to cast this spell.
The gnoll hits you with a +0 spear.
You barely miss the gnoll. The gnoll hits you with a +0 spear.
* * * LOW HITPOINT WARNING * * *
You hit the gnoll.
You headbutt the gnoll, but do no damage.
The gnoll is lightly wounded.
The gnoll hits you with a +0 spear.
* * * LOW HITPOINT WARNING * * *
You hit the gnoll. Your headbutt misses the gnoll.
The gnoll is moderately wounded.
The gnoll hits you with a +0 spear.
You die...

........... .......
............... ....g.h..
............... .........
............... #........
......%........ ......g#
#...........#(.. .......#
#...........#...
###...###...............
###....gg@................
..........................
.......................#..
.............#######..<#..
.......††.........##.#.###
.............####.#..#.#
###..........# #.#..#.#
#..........# #....#.###
############ ######....


You could see 2 gnolls.

Vanquished Creatures
  2 dart slugs (D:1)
  4 endoplasms
  A goblin (D:1)
  A hobgoblin (D:1)
  4 kobolds (D:1)
  2 quokkas
  2 ball pythons (D:1)
  2 bats (D:1)
  4 frilled lizards
  A rat (D:1)
23 creatures vanquished.

Notes
Turn   | Place    | Note
-------+----------+-------------------------------------------
     0 | D:1      | porpoise the Demonspawn Enchanter began the quest for the
                  | Orb.
     0 | D:1      | Reached XP level 1. HP: 13/13 MP: 3/3
    47 | D:1      | Reached skill level 1 in Short Blades
   201 | D:1      | Gained mutation: You have a pair of small horns on your
                  | head. [demonic ancestry]
   201 | D:1      | Reached XP level 2. HP: 17/19 MP: 5/5
   246 | D:1      | Learned a level 2 spell: Ensorcelled Hibernation
   323 | D:1      | Found Akiug's Jewellery Emporium.
   343 | D:1      | You fall into a shaft and drop 1 floor!
   860 | D:2      | Noticed Natasha
   869 | D:2      | Slain by a gnoll

Illustrated notes

Levels and vault maps discovered:
D:1:      lightli_arrival_quake, layout_rooms, serial_shops, shop
D:2:      layout_basic, uniq_natasha

Skill      XL: |  1 |
---------------+----+-----
Short Blades   | 1 |  1.5
Dodging        | |  1.7
Stealth        | |  2.9
Spellcasting   | |  2.2
Hexes          | |  3.3
Ice Magic      | |  0.5

Action                     || total
---------------------------++-------
  Melee: Dagger            ||    66
         Headbutt          ||     8
   Cast: Ensorcelled Hiber ||     2
   Stab: Sleeping          ||     5
 Armour: Robe              ||    34
  Dodge: Dodged            ||    33
  Block: Buckler           ||     9

Table legend: (Time is in decaauts)
 A = Elapsed time spent in this place.
 B = Non-inter-level travel time spent in this place.
 C = Inter-level travel time spent in this place.
 D = Time resting spent in this place.
 E = Time spent auto-exploring this place.
 F = Levels seen in this place.
 G = Mean time per level.
                   A        B        C        D        E       F      G
               +--------+--------+--------+--------+--------+-----+--------+
         Total |    867 |    844 |     23 |     86 |    503 |   2 |  433.5 |
       Dungeon |    867 |    844 |     23 |     86 |    503 |   2 |  433.5 |
               +--------+--------+--------+--------+--------+-----+--------+

Top non-repeatable levels by time:
     D:1: 679 daAuts
     D:2: 188 daAuts
